TOP OF THE 1ST |
Seattle Mariners batting - Pitching for Detroit Tigers : RHP Constantino Chamisso
|
Pitching: RHP Constantino Chamisso
|
|
Batting: RHB Jose Vasquez
|
0-0: Ball 1-0: Called Strike 1-1: Ball 2-1: TRIPLE (Flyball, 78XD, EV 99.4 MPH)
|
Batting: SHB Floyd-William Goof
|
0-0: Called Strike 0-1: Ball 1-1: Ball 2-1: Called Strike 2-2: SINGLE (Flyball, 8RS, EV 95.0 MPH) Jose Vasquez scores
|
Batting: LHB John Zumbo
|
0-0: Swinging Strike 0-1: Ball 1-1: Swinging Strike 1-2: Ball 2-2: Ball 3-2: Fly out, F9 (Line Drive, 9, EV 98.1 MPH)
|
Batting: LHB Bi-jun Chien
|
0-0: Ball Floyd-William Goof is caught stealing 2nd base 2-6 1-0: Called Strike 1-1: Swinging Strike 1-2: Foul Ball, location: 2F 1-2: Foul Ball, location: 2F 1-2: Ball 2-2: Foul Ball, location: 2F 2-2: Foul Ball, location: 2F 2-2: Ground out 4-3 (Groundball, 4, EV 86.2 MPH)
|
Top of the 1st over - 1 run, 2 hits, 0 errors, 0 left on base; Seattle 1 - Detroit 0 |
BOTTOM OF THE 1ST |
Detroit Tigers batting - Pitching for Seattle Mariners : RHP William de Jesus
|
Pitching: RHP William de Jesus
|
|
Batting: RHB Greg Harman
|
0-0: Called Strike 0-1: Swinging Strike 0-2: Foul Ball, location: 2F 0-2: Foul Ball, location: 2F 0-2: Ball 1-2: SINGLE (Groundball, 56D, EV 104.4 MPH)
|
Batting: LHB Morgan Black
|
0-0: Called Strike 0-1: Foul Ball, location: 2F 0-2: Ball 1-2: Ball 2-2: Ball 3-2: Strikes out swinging Greg Harman steals 2nd base Batter strikes out.
|
Batting: LHB Tyler Davis
|
0-0: Called Strike 0-1: Foul Ball, location: 2F 0-2: Ball 1-2: Ground out 6-3 (Groundball, 4M, EV 103.8 MPH) Greg Harman to third
|
Batting: RHB Randy Shrewsbury
|
0-0: Ground out U3 (Groundball, 34, EV 87.5 MPH)
|
Bottom of the 1st over - 0 runs, 1 hit, 0 errors, 1 left on base; Seattle 1 - Detroit 0 |
TOP OF THE 2ND |
Seattle Mariners batting - Pitching for Detroit Tigers : RHP Constantino Chamisso
|
Batting: RHB Corey Ottinger
|
0-0: Ground out 6-3 (Groundball, 6S, EV 90.0 MPH)
|
Batting: RHB Ivan Colon
|
0-0: Ball 1-0: Ball 2-0: Called Strike 2-1: DOUBLE (Line Drive, 5D, EV 95.6 MPH)
|
Batting: RHB Young-kwang Ohnn
|
0-0: Foul Ball, location: 2F 0-1: Ball 1-1: Fly out, F9 (Flyball, 9, EV 81.9 MPH)
|
Batting: RHB Jonathan Rangel
|
0-0: Ball 1-0: Swinging Strike 1-1: Called Strike 1-2: Ball 2-2: Strikes out swinging
|
Top of the 2nd over - 0 runs, 1 hit, 0 errors, 1 left on base; Seattle 1 - Detroit 0 |
BOTTOM OF THE 2ND |
Detroit Tigers batting - Pitching for Seattle Mariners : RHP William de Jesus
|
Batting: RHB Ryan Neal
|
0-0: Foul Ball, location: 2F 0-1: Called Strike 0-2: Foul Ball, location: 2F 0-2: Foul Ball, location: 2F 0-2: Ball 1-2: Ball 2-2: Ball 3-2: SINGLE (Line Drive, 8LS, EV 88.1 MPH)
|
Batting: LHB Emmanuel Gaskin
|
0-0: Fly out, F8 (Flyball, 8RD, EV 98.8 MPH)
|
Batting: RHB Victor Quinones
|
0-0: Swinging Strike 0-1: SINGLE (Line Drive, 89M, EV 108.1 MPH) Ryan Neal to second
|
Batting: RHB Luke Feeney
|
0-0: Swinging Strike 0-1: Ball 1-1: Ball 2-1: Ball 3-1: Base on Balls Ryan Neal to third Victor Quinones to second
|
Batting: RHB Danny Eberhart
|
0-0: Grounds into double play, 4-6-3 (Groundball, 4S, EV 89.4 MPH)
|
Bottom of the 2nd over - 0 runs, 2 hits, 0 errors, 2 left on base; Seattle 1 - Detroit 0 |
TOP OF THE 3RD |
Seattle Mariners batting - Pitching for Detroit Tigers : RHP Constantino Chamisso
|
Batting: SHB Nelson Powell
|
0-0: Ball 1-0: Ball 2-0: Foul Ball, location: 2F 2-1: Called Strike 2-2: Foul Ball, location: 2F 2-2: SINGLE (Groundball, 6D, EV 104.4 MPH)
|
Batting: RHB Jose Vasquez
|
0-0: Called Strike 0-1: Ball 1-1: Ball 2-1: Fielders Choice at 2nd, 4-6 (Groundball, 34D, EV 84.4 MPH)
|
Batting: SHB Floyd-William Goof
|
0-0: Foul Ball, location: 2F 0-1: Swinging Strike 0-2: Ball 1-2: Ball 2-2: Fielders Choice at 2nd, 2-6 (Groundball, 13S, EV 68.8 MPH)
|
Batting: LHB John Zumbo
|
0-0: Ball 1-0: Ball 2-0: Ground out 5-3 (Groundball, 56S, EV 84.4 MPH)
|
Top of the 3rd over - 0 runs, 1 hit, 0 errors, 1 left on base; Seattle 1 - Detroit 0 |
BOTTOM OF THE 3RD |
Detroit Tigers batting - Pitching for Seattle Mariners : RHP William de Jesus
|
Batting: RHB Greg Harman
|
0-0: Ball 1-0: Swinging Strike 1-1: Foul Ball, location: 2F 1-2: Foul Ball, location: 2F 1-2: Strikes out swinging
|
Batting: LHB Morgan Black
|
0-0: Ball 1-0: Called Strike 1-1: Called Strike 1-2: Ball 2-2: Ball 3-2: Base on Balls
|
Batting: LHB Tyler Davis
|
0-0: Called Strike 0-1: Foul Ball, location: 2F 0-2: Foul Ball, location: 2F 0-2: Ball 1-2: Foul Ball, location: 2F 1-2: Ball 2-2: Ball 3-2: Foul Ball, location: 2F 3-2: Fly out, F9 (Line Drive, 9D, EV 89.4 MPH)
|
Batting: RHB Randy Shrewsbury
|
0-0: Ball 1-0: Called Strike 1-1: Ball 2-1: 2-RUN HOME RUN (Flyball, 8LXD, EV 113.1 MPH), Distance : 432 ft
|
Batting: RHB Ryan Neal
|
0-0: Called Strike 0-1: Called Strike 0-2: Foul Ball, location: 2F 0-2: Foul Ball, location: 2F 0-2: Ball 1-2: Ball 2-2: Fly out, F7 (Flyball, 78M, EV 91.9 MPH)
|
Bottom of the 3rd over - 2 runs, 1 hit, 0 errors, 0 left on base; Seattle 1 - Detroit 2 |
TOP OF THE 4TH |
Seattle Mariners batting - Pitching for Detroit Tigers : RHP Constantino Chamisso
|
Batting: LHB Bi-jun Chien
|
0-0: Ball 1-0: Swinging Strike 1-1: Ball 2-1: Foul Ball, location: 2F 2-2: Ball 3-2: Fly out, F6 (Line Drive, 6, EV 63.1 MPH)
|
Batting: RHB Corey Ottinger
|
0-0: Called Strike 0-1: Ball 1-1: Ground out 4-3 (Groundball, 4, EV 86.9 MPH)
|
Batting: RHB Ivan Colon
|
0-0: Ball 1-0: Ball 2-0: Called Strike 2-1: Ground out 5-3 (Groundball, 5, EV 86.2 MPH)
|
Top of the 4th over - 0 runs, 0 hits, 0 errors, 0 left on base; Seattle 1 - Detroit 2 |
BOTTOM OF THE 4TH |
Detroit Tigers batting - Pitching for Seattle Mariners : RHP William de Jesus
|
Batting: LHB Emmanuel Gaskin
|
0-0: Ball 1-0: Ball 2-0: Ground out U3 (Groundball, 34S, EV 67.5 MPH)
|
Batting: RHB Victor Quinones
|
0-0: Ground out 5-3 (Groundball, 5, EV 100.6 MPH)
|
Batting: RHB Luke Feeney
|
0-0: Ball 1-0: Fly out, F7 (Flyball, 7D, EV 101.9 MPH)
|
Bottom of the 4th over - 0 runs, 0 hits, 0 errors, 0 left on base; Seattle 1 - Detroit 2 |
TOP OF THE 5TH |
Seattle Mariners batting - Pitching for Detroit Tigers : RHP Constantino Chamisso
|
Batting: RHB Young-kwang Ohnn
|
0-0: Hit by Pitch
|
Batting: RHB Jonathan Rangel
|
0-0: Ball 1-0: Called Strike 1-1: Foul Ball, location: 2F 1-2: Fly out, F8 (Flyball, 8LM, EV 78.8 MPH)
|
Batting: SHB Nelson Powell
|
0-0: Swinging Strike 0-1: Ball Young-kwang Ohnn is caught stealing 2nd base 2-6 1-1: Foul Ball, location: 2F 1-2: Ball 2-2: Foul Ball, location: 2F 2-2: Strikes out swinging
|
Top of the 5th over - 0 runs, 0 hits, 0 errors, 0 left on base; Seattle 1 - Detroit 2 |
BOTTOM OF THE 5TH |
Detroit Tigers batting - Pitching for Seattle Mariners : RHP William de Jesus
|
Batting: RHB Danny Eberhart
|
0-0: Ball 1-0: Fly out, F2 (Popup, 2RF, EV 91.9 MPH)
|
Batting: RHB Greg Harman
|
0-0: Swinging Strike 0-1: SINGLE (Line Drive, 34, EV 104.4 MPH)
|
Batting: LHB Morgan Black
|
0-0: Ball 1-0: Ball 2-0: Ball 3-0: Called Strike 3-1: Swinging Strike 3-2: Strikes out swinging
|
Batting: LHB Tyler Davis
|
0-0: Called Strike 0-1: Ball 1-1: Foul Ball, location: 2F 1-2: Ball 2-2: Foul Ball, location: 2F 2-2: Ball 3-2: Base on Balls Greg Harman to second
|
Batting: RHB Randy Shrewsbury
|
0-0: Ball 1-0: Foul Ball, location: 2F 1-1: Ball 2-1: Called Strike 2-2: Ground out 4-3 (Groundball, 4, EV 86.9 MPH)
|
Bottom of the 5th over - 0 runs, 1 hit, 0 errors, 2 left on base; Seattle 1 - Detroit 2 |
TOP OF THE 6TH |
Seattle Mariners batting - Pitching for Detroit Tigers : RHP Constantino Chamisso
|
Batting: RHB Jose Vasquez
|
0-0: Called Strike 0-1: Foul Ball, location: 2F 0-2: Ball 1-2: Foul Ball, location: 2F 1-2: Ground out 1-3 (Groundball, 13S, EV 73.8 MPH)
|
Batting: SHB Floyd-William Goof
|
0-0: Called Strike 0-1: Ball 1-1: Ball 2-1: Ball 3-1: Foul Ball, location: 2F 3-2: Foul Ball, location: 2F 3-2: Fly out, F9 (Flyball, 9LM, EV 89.4 MPH)
|
Batting: LHB John Zumbo
|
0-0: Ball 1-0: Ball 2-0: Called Strike 2-1: Called Strike 2-2: Strikes out swinging
|
Top of the 6th over - 0 runs, 0 hits, 0 errors, 0 left on base; Seattle 1 - Detroit 2 |
BOTTOM OF THE 6TH |
Detroit Tigers batting - Pitching for Seattle Mariners : RHP William de Jesus
|
Pitching: RHP William Cordero
|
|
Batting: RHB Ryan Neal
|
0-0: Called Strike 0-1: Swinging Strike 0-2: Strikes out looking
|
Batting: LHB Emmanuel Gaskin
|
0-0: Swinging Strike 0-1: Ball 1-1: Foul Ball, location: 2F 1-2: Ball 2-2: Strikes out swinging, 2-3 out at first.
|
Batting: RHB Victor Quinones
|
0-0: Ball 1-0: Ball 2-0: TRIPLE (Flyball, 89XD, EV 99.4 MPH)
|
Batting: RHB Luke Feeney
|
0-0: Called Strike 0-1: Foul Ball, location: 2F 0-2: Fly out, F8 (Flyball, 8RM, EV 91.9 MPH)
|
Bottom of the 6th over - 0 runs, 1 hit, 0 errors, 1 left on base; Seattle 1 - Detroit 2 |
TOP OF THE 7TH |
Seattle Mariners batting - Pitching for Detroit Tigers : RHP Constantino Chamisso
|
Batting: LHB Bi-jun Chien
|
0-0: Swinging Strike 0-1: Ball 1-1: Foul Ball, location: 2F 1-2: Foul Ball, location: 2F 1-2: Strikes out looking
|
Batting: RHB Corey Ottinger
|
0-0: Ball 1-0: Ball 2-0: Ground out 4-3 (Groundball, 4M, EV 84.4 MPH)
|
Batting: RHB Ivan Colon
|
0-0: Ball 1-0: Swinging Strike 1-1: Foul Ball, location: 2F 1-2: Ball 2-2: Ball 3-2: Ground out 6-3 (Groundball, 4M, EV 88.8 MPH)
|
Top of the 7th over - 0 runs, 0 hits, 0 errors, 0 left on base; Seattle 1 - Detroit 2 |
BOTTOM OF THE 7TH |
Detroit Tigers batting - Pitching for Seattle Mariners : RHP William Cordero
|
Batting: RHB Danny Eberhart
|
0-0: Ball 1-0: Ground out 6-3 (Groundball, 6D, EV 110.6 MPH)
|
Batting: RHB Greg Harman
|
0-0: Swinging Strike 0-1: Ball 1-1: Foul Ball, location: 2F 1-2: Ball 2-2: Ball 3-2: TRIPLE (Line Drive, 8RXD, EV 104.4 MPH)
|
Batting: LHB Morgan Black
|
0-0: 2-RUN HOME RUN (Flyball, 7D, EV 103.8 MPH), Distance : 392 ft
|
Batting: LHB Tyler Davis
|
0-0: Ball 1-0: Ball 2-0: Ball 3-0: Base on Balls
|
Batting: RHB Randy Shrewsbury
|
0-0: Called Strike 0-1: Ball 1-1: Called Strike 1-2: Ball 2-2: Fly out, F9 (Flyball, 9, EV 87.5 MPH)
|
Batting: RHB Ryan Neal
|
0-0: Called Strike 0-1: Called Strike 0-2: Ball 1-2: Ball 2-2: Strikes out swinging
|
Bottom of the 7th over - 2 runs, 2 hits, 0 errors, 1 left on base; Seattle 1 - Detroit 4 |
TOP OF THE 8TH |
Seattle Mariners batting - Pitching for Detroit Tigers : RHP Constantino Chamisso
|
Pitching: RHP Jason Williams
|
|
Batting: RHB Young-kwang Ohnn
|
0-0: Ball 1-0: Swinging Strike 1-1: Ball 2-1: Called Strike 2-2: Strikes out swinging
|
Batting: RHB Jonathan Rangel
|
0-0: Called Strike 0-1: Ball 1-1: Swinging Strike 1-2: Ball 2-2: Strikes out swinging
|
Batting: SHB Nelson Powell
|
0-0: Ball 1-0: Ball 2-0: Ball 3-0: Called Strike 3-1: Foul Ball, location: 2F 3-2: Strikes out swinging
|
Top of the 8th over - 0 runs, 0 hits, 0 errors, 0 left on base; Seattle 1 - Detroit 4 |
BOTTOM OF THE 8TH |
Detroit Tigers batting - Pitching for Seattle Mariners : RHP William Cordero
|
Pitching: LHP Valery Sahanov
|
|
Batting: LHB Emmanuel Gaskin
|
0-0: Ball 1-0: Ground out 4-3 (Groundball, 4, EV 87.5 MPH)
|
Batting: RHB Victor Quinones
|
0-0: Ball 1-0: Foul Ball, location: 2F 1-1: Foul Ball, location: 2F 1-2: Ground out 4-3 (Groundball, 4, EV 87.5 MPH)
|
Batting: RHB Luke Feeney
|
0-0: Swinging Strike 0-1: Swinging Strike 0-2: Strikes out swinging
|
Bottom of the 8th over - 0 runs, 0 hits, 0 errors, 0 left on base; Seattle 1 - Detroit 4 |
TOP OF THE 9TH |
Seattle Mariners batting - Pitching for Detroit Tigers : RHP Jason Williams
|
Pitching: RHP Riso Profanter
|
|
Batting: RHB Jose Vasquez
|
0-0: Ball 1-0: Swinging Strike 1-1: Ball 2-1: Ball 3-1: Ground out U3 (Groundball, 3S, EV 81.9 MPH)
|
Batting: SHB Floyd-William Goof
|
0-0: Ball 1-0: Swinging Strike 1-1: Called Strike 1-2: Strikes out swinging
|
Batting: LHB John Zumbo
|
0-0: Fly out, F8 (Flyball, 8LS, EV 82.5 MPH)
|
Top of the 9th over - 0 runs, 0 hits, 0 errors, 0 left on base; Seattle 1 - Detroit 4 |
|